Map: Disco Bloodbath LE

Players

Zanster

  • Race: Zerg Zerg
  • Spawn Location: 3:00

soO - Winner!

  • Race: Zerg Zerg
  • League: Master
  • Spawn Location: 9:00

Event: HomeStory Cup XX

VOD

Have the link to the VOD?

Description

Time

  • Played on: Nov. 22, 2019, 5:35 a.m.
  • Length: 6:02

All games in this series

Show
View Real Time Build Order
Export as new Build Order

Zanster Zerg 

Build Orders: Hatch First 

Get SALT Encoding   

  12  0:00  Drone  
  13  0:12  Overlord  
  13  0:17  Drone  
  14  0:31  Drone x2  
  16  0:48  Hatchery  
  15  0:51  Drone  
  15  0:56  Drone  
  17  0:59  Drone  
  18  1:10  Extractor  
  17  1:14  Spawning Pool  
  17  1:17  Drone  
  17  1:20  Drone  
  18  1:28  Drone  
  19  1:39  Drone  
  20  1:50  Drone  
  21  2:01  Queen  
  21  2:02  Queen, Overlord  
  21  2:03  Drone  
  26  2:10  Metabolic Boost  
  26  2:12  Drone  
  26  2:13  Drone  
  28  2:23  Zergling x2, Drone  
  30  2:35  Hatchery  
  29  2:37  Drone  
  29  2:39  Drone  
  29  2:44  Drone  
  32  2:47  Baneling Nest  
  32  2:49  Drone  
  32  2:54  Overlord  
  32  2:57  Drone  
  33  3:02  Queen  
  33  3:05  Zergling x2  
  37  3:12  Drone  
  37  3:13  Drone  
  37  3:14  Drone x2  
  37  3:17  Zergling x4  
  37  3:19  Zergling x2  
  43  3:23  Overlord  
  43  3:25  Zergling x2  
  44  3:31  Evolution Chamber  
  43  3:36  Drone  
  43  3:40  Lair  
  44  3:46  Drone x6  
  49  3:49  Drone  
  49  3:51  Drone  
  49  3:53  Drone  
  52  3:58  Overlord  
  52  4:07  Zergling x6  
  55  4:14  Baneling  
  52  4:19  Extractor, Drone x3  
  52  4:20  Extractor, Drone x2  
  52  4:21  Drone  
  56  4:24  Extractor  
  56  4:26  Zergling x10  
  60  4:31  Extractor, Baneling  
  60  4:32  Baneling  
  55  4:45  Queen  
  55  4:46  Queen  
  55  4:47  Drone x3  
  55  4:49  Drone  
  55  4:51  Drone x5  
  66  4:53  Overlord  
  66  5:03  Overlord, Spire  
  66  5:04  Baneling x2  
  66  5:06  Zergling x2  
  66  5:13  Zergling x12  
  72  5:16  Baneling x4  
  67  5:23  Zergling x8  
  64  5:35  Zergling x6  
  67  5:38  Overlord  
  67  5:42  Zergling x8  
  69  5:45  Baneling  
Show
View Real Time Build Order
Export as new Build Order

soO Zerg - Winner!

Build Orders: Hatch First, Zergling Baneling 

Get SALT Encoding   

  12  0:00  Drone  
  13  0:12  Overlord  
  13  0:17  Drone  
  14  0:30  Drone  
  14  0:31  Drone  
  16  0:48  Hatchery  
  15  0:50  Drone  
  15  0:54  Drone  
  17  0:57  Drone  
  18  1:07  Extractor  
  17  1:12  Spawning Pool  
  17  1:15  Drone  
  17  1:18  Drone  
  18  1:27  Drone  
  19  1:38  Drone  
  20  1:49  Overlord  
  20  1:59  Queen  
  20  2:00  Queen, Drone  
  26  2:01  Drone  
  26  2:08  Metabolic Boost  
  26  2:10  Drone  
  26  2:11  Drone  
  28  2:22  Drone x2  
  30  2:33  Hatchery  
  30  2:36  Drone x2  
  31  2:42  Overlord  
  31  2:48  Drone  
  31  2:51  Baneling Nest  
  31  2:54  Zergling x2  
  31  2:56  Zergling x2  
  33  3:07  Queen  
  33  3:08  Drone  
  33  3:09  Zergling x2, Drone x2  
  33  3:11  Zergling x2  
  40  3:13  Drone  
  40  3:15  Drone  
  42  3:23  Overlord  
  42  3:26  Drone x2  
  44  3:39  Overlord  
  44  3:42  Zergling x10  
  44  3:44  Baneling x2  
  44  3:47  Drone x2  
  51  3:50  Drone  
  51  3:52  Extractor  
  51  3:53  Extractor, Roach Warren  
  49  3:58  Zergling x2  
  49  4:02  Drone x2  
  52  4:07  Drone  
  53  4:13  Drone x2  
  54  4:17  Baneling x2  
  54  4:19  Overlord  
  54  4:28  Overlord  
  54  4:31  Baneling  
  54  4:32  Baneling  
  54  4:34  Roach x6  
  54  4:37  Overlord  
  65  4:44  Roach x3  
  70  4:46  Roach  
  71  4:54  Overlord, Roach x2  
  71  4:56  Baneling x3  
  75  5:00  Roach x2  
  75  5:04  Zergling x4  
  75  5:06  Zergling x4  
  83  5:08  Zergling x2  
  83  5:10  Zergling x2  
  83  5:12  Zergling x2  
  83  5:13  Zergling x2  
  87  5:14  Zergling x2  
  84  5:24  Roach  
  84  5:25  Roach x2  
  84  5:27  Roach  
  91  5:28  Roach  
  90  5:37  Zergling x6  
  93  5:53  Ravager  
  93  5:54  Ravager  
Tags
 
Add a new tag
Caveats
  • Supply blocks, unpowered buildings, or Contaminate may cause inaccurate times.
  • Supply counts are checked every 10 seconds.